 Dungeon Crawl Stone Soup version 0.25.1-2-g60ff931df9 (webtiles) character file.

Game seed: 17347451851473291939

488 DildoBatman the Conjurer (level 7, -6/46 HPs)
             Began as a Formicid Wizard on Nov 4, 2020.
             Mangled by an ogre
             ... wielding a +0 giant spiked club
              (17 damage)
             ... on level 4 of the Dungeon.
             The game lasted 00:13:51 (4274 turns).

DildoBatman the Conjurer (Formicid Wizard)          Turns: 4274, Time: 00:13:51

Health: -6/46      AC:  4    Str: 11    XL:     7   Next: 36%
Magic:  6/11       EV: 11    Int: 20    God:
Gold:   180        SH:  0    Dex:  9    Spells: 5/12 levels left

rFire    . . .     SeeInvis +   c - +0 hunting sling
rCold    + . .     Gourm    .   (no shield)
rNeg     . . .     Faith    .   s - +0 leather armour (curse)
rPois    .         Spirit   .   (helmet unavailable)
rElec    .         Reflect  .   (no cloak)
rCorr    +         Harm     .   m - +0 pair of gloves
MR       .....                  (no boots)
Stlth    +.........             (no amulet)
HPRegen  0.15/turn              h - ring of protection from cold
MPRegen  0.12/turn              q - ring of resist corrosion

@: confused
A: permanent stasis, dig shafts and tunnels, four strong arms, antennae 3
a: Dig, Shaft Self


You were on level 4 of the Dungeon.
You were not hungry.

You visited 1 branch of the dungeon, and saw 5 of its levels.

You collected 180 gold pieces.

Inventory:

Hand Weapons
 a - a +1 dagger of venom
 b - a +2 dagger of freezing
 c - a +0 hunting sling (weapon)
 d - a +0 antimagic short sword
Missiles
 g - 88 stones (quivered)
 p - 35 arrows
 u - 6 boomerangs
Armour
 m - a +0 pair of gloves (worn)
 s - a cursed +0 leather armour (worn)
Jewellery
 h - a ring of protection from cold (left hand)
 q - a ring of resist corrosion (right hand)
Scrolls
 e - 2 scrolls of teleportation {unknown}
 f - 2 scrolls of enchant armour
 i - a scroll of magic mapping {unknown}
 j - a scroll of amnesia
 o - 2 scrolls of remove curse
 w - 2 scrolls of fear
 x - a scroll of fog {unknown}
Potions
 l - 2 potions of curing {unknown}
 n - a potion of invisibility {unknown}
Comestibles
 r - 4 chunks of flesh
 v - 5 rations


   Skills:
 - Level 1.7 Dodging
 - Level 2.4 Stealth
 - Level 3.2 Spellcasting
 * Level 4.3 Conjurations
   Level 1.0 Summonings
   Level 0.8 Translocations
 * Level 2.9 Fire Magic
 * Level 2.2 Air Magic
 * Level 3.7 Poison Magic


You had 5 spell levels left.
You knew the following spells:

 Your Spells              Type           Power        Failure   Level  Hunger
a - Conjure Flame         Conj/Fire      ###.....     12%         3    ###....
c - Magic Dart            Conj           ###.         3%          1    None
e - Mephitic Cloud        Conj/Pois/Air  ###.....     13%         3    ###....

Your spell library contained the following spells:

 Spells                   Type           Power        Failure   Level  Hunger
 Call Imp                 Summ           #.......     19%         2    ##.....
 Slow                     Hex            #.......     28%         2    ##.....
 Blink                    Tloc           Unusable     N/A         2    N/A

Dungeon Overview and Level Annotations

Branches:
Dungeon (5/15)
 Temple: D:4-7

Altars:
Dithmenos
Makhleb
Okawaru
Sif Muna
Wu Jian

Shops:
D:4 =

Annotations:
D:2 exclusion: phantom
D:3 1 exclusion
D:4 Dowan


Innate Abilities, Weirdness & Mutations

You cannot be hasted, slowed, berserked, paralysed or teleported.
You can dig through walls and to a lower floor.
Your four strong arms can wield two-handed weapons with a shield.
You have a pair of large antennae on your head. (SInv)


Message History

The ogre closely misses you.
You bump into the rock wall.
You are engulfed in noxious fumes.
You choke on the stench!
You are more confused.
You bump into the rock wall.
You are engulfed in noxious fumes.
You choke on the stench!
You are more confused.
The ogre is engulfed in noxious fumes.
The ogre appears confused.
The ogre hits you with a +0 giant spiked club!
You bump into the rock wall.
You are engulfed in noxious fumes.
You choke on the stench!
You are more confused.
The ogre is engulfed in noxious fumes.
The ogre appears confused.
The ogre hits you with a +0 giant spiked club!
You die...

###..###.........$....... #....#
##............... ##...#
#................ ########..#
#................ #...#.....##
##........##....#
####...#......###........§§#..§§#
#.###......#)..##.##......§≈≈≈≈..
...###.....##.###.##......≈###§.#
....#......#..ZO@....##..§§§_'..#
....#......##.###.........≈###≈##
...........#...#####..##..≈≈§≈≈##
............#Z######...####...#..
............#.###.#...[###......#
####......###..#........#...#####
#.......###.###.......#..## #.
##....#..##...#..#.....#..# #.
#....######......##.......#####.


You could see an ogre (confused) and an adder skeleton.

Vanquished Creatures
  A centaur (D:4)
  A scorpion (D:3)
  3 orc priests
  A bullfrog skeleton (D:4)
  6 worker ants
  2 adders
  2 oozes
  An adder skeleton (D:4)
  2 worms
  2 dart slugs
  4 leopard geckos
  9 orcs (D:3)
  2 bats
  3 giant cockroaches
  7 hobgoblins
  3 jackals (D:1)
  2 quokkas
  A ball python (D:3)
  4 frilled lizards
  7 goblins
  6 kobolds
  A quokka skeleton (D:4)
  2 rats
72 creatures vanquished.

Notes
Turn   | Place    | Note
-------+----------+-------------------------------------------
     0 | D:1      | DildoBatman the Formicid Wizard began the quest for the
                  | Orb.
     0 | D:1      | Reached XP level 1. HP: 13/13 MP: 4/4
    41 | D:1      | Reached skill level 1 in Conjurations
   133 | D:1      | Reached XP level 2. HP: 16/19 MP: 0/6
   391 | D:1      | Reached skill level 2 in Conjurations
   793 | D:1      | Reached XP level 3. HP: 24/24 MP: 0/7
  1168 | D:2      | Learned a level 3 spell: Conjure Flame
  1172 | D:2      | Learned a level 3 spell: Mephitic Cloud
  1218 | D:2      | Found an ornate altar of the Wu Jian Council.
  1391 | D:2      | Reached skill level 3 in Conjurations
  1436 | D:2      | Found a burning altar of Makhleb.
  1627 | D:2      | Found a shadowy altar of Dithmenos.
  1792 | D:2      | Reached XP level 4. HP: 29/30 MP: 5/8
  1910 | D:2      | Reached skill level 1 in Poison Magic
  2059 | D:3      | Reached skill level 1 in Fire Magic
  2059 | D:3      | Reached XP level 5. HP: 35/35 MP: 3/9
  2373 | D:3      | Reached skill level 1 in Air Magic
  2951 | D:4      | Found Ajuma's Jewellery Shoppe.
  3098 | D:3      | Reached XP level 6. HP: 34/41 MP: 1/10
  3476 | D:4      | Reached skill level 4 in Conjurations
  3585 | D:4      | Reached XP level 7. HP: 8/46 MP: 0/11
  3798 | D:4      | Noticed Dowan
  3809 | D:4      | Found a shimmering blue altar of Sif Muna.
  4083 | D:4      | Found an iron altar of Okawaru.
  4135 | D:5      | Entered Level 5 of the Dungeon
  4274 | D:4      | Mangled by an ogre

Illustrated notes

Levels and vault maps discovered:
D:1:      scummos_arrival_hexagon, layout_basic
D:2:      layout_basic, nicolae_overflow_crystal_walls, bloody_makhleb,
          nicolae_overflow_hidden_temple
D:3:      layout_loops_corners, first_ration
D:4:      layout_cave_pools, kennysheep_mini_moat, serial_shops, shop,
          okawaru_gym_becter, uniq_duvessa
D:5:      layout_cave_pools, kiku_gazebo_pond_becter

Skill      XL: |  1  2  3  4  5  6 |
---------------+-------------------+-----
Conjurations   | 1 2 3 4 |  4.3
Poison Magic   | 1 2 3 |  3.7
Fire Magic     | 1 2 |  2.9
Air Magic      | 1 2 |  2.2
Dodging        | |  1.7
Stealth        | |  2.4
Spellcasting   | |  3.2
Summonings     | |  1.0
Translocations | |  0.8

Action                   |  1- 3 |  4- 6 |  7- 9 || total
-------------------------+-------+-------+-------++-------
Melee: Club              |    15 |       |       ||    15
       Flail             |     2 |       |       ||     2
       Falchion          |       |    11 |     1 ||    12
       Dagger            |       |       |    13 ||    13
 Fire: Hunting sling     |     1 |   134 |    10 ||   145
 Cast: Magic Dart        |    67 |    36 |    10 ||   113
       Mephitic Cloud    |       |    15 |     5 ||    20
       Conjure Flame     |       |     7 |     3 ||    10
 Abil: Dig               |     1 |     7 |     2 ||    10
  Use: Scroll            |       |     1 |     3 ||     4
       Potion            |       |     1 |       ||     1
 Stab: Sleeping          |     2 |       |       ||     2
       Confused          |       |     1 |     2 ||     3
  Eat: Chunk             |     3 |     7 |       ||    10
       Ration            |       |       |     1 ||     1
Armor: Robe              |     7 |     2 |       ||     9
       Leather armour    |       |       |     1 ||     1
Dodge: Dodged            |    35 |    37 |    15 ||    87
       Rpst.: Falchion   |       |     2 |       ||     2
